[Event "Team 45 45 League T87"]
[Site "Internet Chess Club"]
[Date "2021.02.11"]
[Round "6"]
[White "vhuffst"]
[Black "tryanything"]
[Result "1-0"]
[WhiteElo "1311"]
[BlackElo "1497"]
[Opening "Queen's pawn: London system"]
[ECO "A45"]
[Time "19:00:24"]
[TimeControl "2700+45"]

1. d4 Nf6 2. Bf4 c6 3. e3 Qb6 4. b3 g6 5. Bd3 Bg7 6. Nf3 O-O 7. O-O d6 8. c3 h6
9. Nbd2 Nh5 10. h3 Nxf4 11. exf4 c5 12. Nc4 Qc7 13. Ne3 e6 14. Rc1 b6 15. Qe2
Bb7 16. h4 h5 17. Ng5 Nd7 18. Bxg6 fxg6 19. Nxe6 Qc8 20. Nxf8 Qxf8 21. f5 Qf6
22. dxc5 dxc5 23. fxg6 Qxg6 24. Rcd1 Ne5 25. f4 Ng4 26. f5 Qc6 27. Nxg4 Re8 28.
Ne5 Rxe5 29. Qc4+ Kh7 30. Rd2 Re4 31. Qf7 Rg4 32. Qxh5+ Bh6 33. Qxg4 Bxd2 34.
Rd1 Bxc3 35. Kh1 Bd4 36. Re1 {Black resigns} 1-0

[Event "Team 45 45 League T87"]
[Site "Internet Chess Club"]
[Date "2021.02.13"]
[Round "6"]
[White "Electryon"]
[Black "mongmong"]
[Result "0-1"]
[WhiteElo "1396"]
[BlackElo "1438"]
[Opening "Queen's pawn"]
[ECO "A40"]
[Time "11:35:32"]
[TimeControl "2700+45"]

1. d4 e6 2. Nf3 Nf6 3. Bf4 b6 4. e3 Bb7 5. Bd3 d6 6. Qe2 Nbd7 7. Nbd2 Be7 8. h3
c5 9. c3 d5 10. Ne5 O-O 11. O-O Nxe5 12. Bxe5 Nd7 13. Bg3 Nf6 14. a4 cxd4 15.
exd4 Bd6 16. Bh4 Be7 17. f4 a6 18. f5 exf5 19. Bxf5 Re8 20. Qf3 Rf8 21. Qe2 Re8
22. Qd3 g6 23. Bxf6 Bxf6 24. Bg4 Bg7 25. Rf2 Qd6 26. Raf1 Rf8 27. Bd1 a5 28. Qc2
Rae8 29. Nf3 Ba6 30. Be2 Bxe2 31. Rxe2 Rxe2 32. Qxe2 Qd8 33. Re1 Bf6 34. Qb5 Qd6
35. Re2 Kg7 36. Kh1 Rc8 37. Kg1 Rf8 38. Re1 Rc8 39. Kh1 Rf8 40. Ne5 Bxe5 41.
Rxe5 Rd8 42. Qe2 Kf6 43. Qf3+ Kg7 44. Qe2 Kf6 45. Kg1 Rd7 46. Qf3+ Kg7 47. Qe2
Kf6 48. Qg4 Rd8 49. Qh4+ Kg7 50. Qe7 Qxe7 51. Rxe7 Rd6 52. b4 axb4 53. cxb4 Kf6
54. Rb7 h5 55. a5 bxa5 56. bxa5 Kg7 57. Rb6 Rd8 58. a6 Ra8 59. Rd6 Kh6 60. Rxd5
Rxa6 61. Rd8 Kg5 62. d5 Kf5 63. Re8 Rd6 64. g4+ hxg4 65. hxg4+ Kf6 66. Kf2 Rxd5
67. Kf3 Kg5 68. Re3 f6 69. Kg3 Rd4 70. Rf3 Rxg4+ 71. Kh3 Rf4 72. Rg3+ Kf5 73.
Ra3 g5 74. Ra5+ Kg6 75. Kg3 Rb4 76. Ra6 Re4 77. Rb6 Kf5 78. Rb5+ Re5 79. Rb3 Rc5
80. Rf3+ Ke5 81. Re3+ Kd4 82. Re1 f5 83. Rd1+ Ke5 84. Re1+ Kf6 85. Re8 Rc3+ 86.
Kf2 f4 87. Rf8+ Kg6 88. Rg8+ Kf5 89. Rh8 Rc2+ 90. Ke1 g4 91. Rh5+ Ke4 92. Ra5 g3
93. Ra4+ Kf3 94. Ra3+ Kg2 95. Kd1 Rb2 96. Kc1 Rf2 97. Kd1 Kg1 98. Ke1 f3 99. Rb3
Kg2 100. Rc3 Ra2 101. Rb3 f2+ {White resigns} 0-1

[Event "Team 45 45 League T87"]
[Site "Internet Chess Club"]
[Date "2021.02.12"]
[Round "6"]
[White "Pawnchain"]
[Black "cap78red"]
[Result "1/2-1/2"]
[WhiteElo "1347"]
[BlackElo "1320"]
[Opening "King's pawn opening"]
[ECO "B07"]
[Time "08:00:45"]
[TimeControl "2700+45"]

1. e4 d6 2. Nc3 Nf6 3. f4 g6 4. Nf3 Bg7 5. Bc4 O-O 6. d3 e5 7. fxe5 dxe5 8. O-O
h6 9. Qe1 Nc6 10. a3 Bg4 11. h3 Bxf3 12. Rxf3 Nd4 13. Rf2 c6 14. Be3 b5 15. Ba2
c5 16. Rd2 Kh7 17. Qf2 Nh5 18. Rf1 b4 19. axb4 cxb4 20. Nd5 Nf4 21. Bxf4 exf4
22. Qxf4 f5 23. c3 fxe4 24. Qxe4 Re8 25. Qg4 b3 26. Bb1 Qxd5 27. cxd4 {Game
drawn by mutual agreement} 1/2-1/2

[Event "Team 45 45 League T87"]
[Site "Internet Chess Club"]
[Date "2021.02.15"]
[Round "6"]
[White "ChessJayden"]
[Black "ILRE"]
[Result "1-0"]
[WhiteElo "1674"]
[BlackElo "1627"]
[Opening "French: classical, Steinitz variation"]
[ECO "C14"]
[Time "17:48:19"]
[TimeControl "2700+45"]

1. e4 e6 2. d4 d5 3. Nc3 Nf6 4. Bg5 Be7 5. e5 Nfd7 6. Bxe7 Qxe7 7. f4 a6 8. Nf3
c5 9. Be2 Nc6 10. Qd2 cxd4 11. Nxd4 O-O 12. O-O Nxd4 13. Qxd4 Qc5 14. Qxc5 Nxc5
15. Rad1 f6 16. exf6 Rxf6 17. g3 Bd7 18. Bf3 Bc6 19. Ne2 Bb5 20. Rfe1 Re8 21.
Nd4 Bd7 22. Re5 Kf7 23. Rde1 g6 24. R1e3 Ke7 25. Bxd5 Kd6 26. Bg2 h6 27. b4 Na4
28. Rd3 Kc7 29. c4 Kb8 30. Nb3 Bc8 31. Nc5 Nb6 32. Rd4 Rf5 33. Rxf5 exf5 34. Kf2
Kc7 35. a4 Re7 36. a5 Nd7 37. Nxd7 Rxd7 38. Rxd7+ Bxd7 39. Ke3 Be6 40. Kd4 b6
41. axb6+ Kxb6 42. Bf1 a5 43. bxa5+ Kxa5 44. Ke5 Bf7 45. Kf6 Be8 46. c5 h5 47.
c6 Kb6 48. Bg2 Kc7 49. Ke7 Bxc6 50. Bxc6 Kxc6 51. Kf6 Kd5 52. Kxg6 h4 53. gxh4
Ke4 54. Kg5 {Black resigns} 1-0

[Event "Team 45 45 League T87"]
[Site "Internet Chess Club"]
[Date "2021.02.12"]
[Round "6"]
[White "Constrictor"]
[Black "handsomematch"]
[Result "1/2-1/2"]
[WhiteElo "1539"]
[BlackElo "1368"]
[Opening "Vienna: Paulsen-Mieses variation"]
[ECO "C26"]
[Time "18:00:52"]
[TimeControl "2700+45"]

1. e4 e5 2. Nc3 Nf6 3. g3 Nc6 4. Bg2 Bc5 5. Nge2 O-O 6. d3 h6 7. O-O d6 8. Na4
Bb6 9. Nxb6 axb6 10. h3 Be6 11. a3 Qd7 12. Kh2 d5 13. Nc3 dxe4 14. Nxe4 Nxe4 15.
dxe4 Qxd1 16. Rxd1 Rad8 17. Be3 Nd4 18. Rd2 Nc6 19. Rad1 Rxd2 20. Rxd2 Rd8 21.
Rxd8+ Nxd8 22. h4 Kf8 23. Bh3 Ke7 24. Bd2 Kd6 25. Bc3 g6 26. Bxe6 Nxe6 27. Kg2
Nd4 28. Bxd4 exd4 29. f3 b5 30. Kf2 c5 31. b4 b6 32. Ke2 c4 33. f4 f6 34. Kf3 h5
35. Ke2 Ke6 36. Kf3 Kf7 37. e5 d3 38. cxd3 cxd3 39. Ke3 fxe5 40. fxe5 Ke6 41.
Kxd3 Kxe5 42. Ke3 Kd5 43. Kd3 Ke5 44. Ke3 Kf5 45. Kf3 g5 46. hxg5 Kxg5 47. Kf2
Kg4 48. Kg2 Kg5 49. Kf3 Kf5 50. Kf2 Ke5 51. Ke2 Ke4 52. Kf2 Kf5 53. Kf3 Kg5 54.
Kf2 Kg4 55. Kg2 Kf5 56. Kf3 Ke5 57. Ke3 Kf5 58. Kf3 Kg6 {Game drawn by mutual
agreement} 1/2-1/2

[Event "Team 45 45 League T87"]
[Site "Internet Chess Club"]
[Date "2021.02.14"]
[Round "6"]
[White "aec7r3b"]
[Black "Gojira"]
[Result "0-1"]
[WhiteElo "1270"]
[BlackElo "1519"]
[Opening "Sicilian: accelerated fianchetto, modern variation"]
[ECO "B34"]
[Time "12:02:21"]
[TimeControl "2700+45"]

1. e4 c5 2. Nf3 g6 3. d4 cxd4 4. Nxd4 Nc6 5. Nc3 Bg7 6. Be3 Nf6 7. f3 O-O 8. Qd2
d5 9. O-O-O Nxd4 10. Bxd4 dxe4 11. Nxe4 Nxe4 12. fxe4 Bg4 13. Bxg7 Qxd2+ 14.
Rxd2 Kxg7 15. Bc4 Rad8 16. Rf2 Rd6 17. Rhf1 Be6 18. Bxe6 Rxe6 19. Re2 Rd8 20.
Rd1 Red6 21. Rxd6 Rxd6 22. Rd2 Kf6 23. Rxd6+ exd6 24. Kd2 Ke5 25. Ke3 h5 26. h4
f6 27. c4 a5 28. a4 g5 29. hxg5 fxg5 30. g3 h4 31. gxh4 gxh4 32. Kf3 Kd4 33. Kg4
Kxc4 34. Kxh4 Kd4 35. Kg4 Kxe4 36. Kg5 d5 37. Kg4 d4 38. Kg3 Ke3 39. Kg2 Ke2 40.
Kg1 d3 41. Kg2 d2 42. Kg3 d1=Q 43. Kf4 Qd5 44. Kg4 Qe5 45. Kh4 Kf3 46. Kh3 Qg3#
{White checkmated} 0-1

[Event "Team 45 45 League T87"]
[Site "Internet Chess Club"]
[Date "2021.02.13"]
[Round "6"]
[White "dabodhi"]
[Black "eevee11"]
[Result "1-0"]
[WhiteElo "1472"]
[BlackElo "993"]
[Opening "Scandinavian defense"]
[ECO "B01"]
[Time "20:06:58"]
[TimeControl "2700+45"]

1. e4 d5 2. exd5 Nf6 3. Bb5+ Nbd7 4. c4 a6 5. Bxd7+ Bxd7 6. d4 e6 7. dxe6 Bxe6
8. d5 Bg4 9. Nf3 Qe7+ 10. Be3 Qe4 11. Qa4+ Nd7 12. Nbd2 Qe7 13. O-O O-O-O 14. c5
Bxf3 15. d6 Qe5 16. Nxf3 Qxb2 17. dxc7 Kxc7 18. Qa5+ Kc8 19. Bf4 b6 20. Qxa6#
{Black checkmated} 1-0

[Event "Team 45 45 League T87"]
[Site "Internet Chess Club"]
[Date "2021.02.13"]
[Round "6"]
[White "dabodhi"]
[Black "g8wrb"]
[Result "1-0"]
[WhiteElo "1470"]
[BlackElo "1301"]
[Opening "French: exchange, Svenonius variation"]
[ECO "C11"]
[Time "15:08:55"]
[TimeControl "2700+45"]

1. e4 e6 2. d4 d5 3. Nc3 Nf6 4. exd5 exd5 5. Bg5 Be7 6. Bd3 O-O 7. Nge2 c6 8.
O-O Bg4 9. f3 Bh5 10. Ng3 Bg6 11. Re1 Nbd7 12. Nf5 Bxf5 13. Bxf5 Re8 14. Qd3 h6
15. Bf4 Qb6 16. Kh1 Nf8 17. Na4 Qa5 18. b3 b5 19. Bd2 Bb4 20. c3 Bd6 21. Nc5 Qc7
22. g3 Bxg3 23. hxg3 Qxg3 24. Qf1 N8h7 25. Qg2 Nh5 26. Rg1 Qh4+ 27. Qh2 Qxh2+
28. Kxh2 Re2+ 29. Rg2 Rae8 30. Bd3 Rxg2+ 31. Kxg2 Ng5 32. a4 bxa4 33. Rxa4 Re7
34. Ra6 Rc7 35. c4 Ne6 36. Nxe6 fxe6 37. Bg6 Nf6 38. Bf4 Rb7 39. Rxc6 Kf8 40.
Bd6+ {Black resigns} 1-0

[Event "Team 45 45 League T87"]
[Site "Internet Chess Club"]
[Date "2021.02.13"]
[Round "6"]
[White "SeniorCitizen"]
[Black "PsyMar"]
[Result "0-1"]
[WhiteElo "1251"]
[BlackElo "1420"]
[Opening "Danish gambit: Sorensen defense"]
[ECO "C21"]
[Time "12:00:51"]
[TimeControl "2700+45"]

1. e4 e5 2. d4 exd4 3. c3 d5 4. Qxd4 Nf6 5. Bg5 Be7 6. e5 Ne4 7. Bxe7 Qxe7 8.
Qxd5 Nc5 9. Nf3 O-O 10. Qd2 Nc6 11. Be2 Be6 12. O-O Rad8 13. Qg5 Qd7 14. Nbd2
Rde8 15. Qe3 b6 16. Bc4 Bxc4 17. Nxc4 Qd5 18. b3 Ne6 19. Rad1 Qb5 20. Rd5 Qxd5
21. Nd4 Nexd4 22. cxd4 Qxd4 23. Qg3 b5 24. Ne3 Qxe5 25. Qxe5 Rxe5 {White
resigns} 0-1

[Event "Team 45 45 League T87"]
[Site "Internet Chess Club"]
[Date "2021.02.16"]
[Round "6"]
[White "Fulmar"]
[Black "seattleblues"]
[Result "0-1"]
[WhiteElo "1199"]
[BlackElo "1323"]
[Opening "Caro-Kann: exchange, Rubinstein variation"]
[ECO "B13"]
[Time "06:01:06"]
[TimeControl "2700+45"]

1. e4 c6 2. d4 d5 3. exd5 cxd5 4. Bd3 Nf6 5. Bf4 Nc6 6. c3 Bg4 7. Qb3 Qc8 8. Nd2
e6 9. Ngf3 Be7 10. O-O-O a5 11. Qa4 O-O 12. Bb5 Nb8 13. Rde1 Nbd7 14. Ne5 Nb6
15. Qc2 a4 16. f3 Bf5 17. Qd1 a3 18. b3 Qxc3+ 19. Qc2 Qxc2# {White checkmated}
0-1

[Event "Team 45 45 League T87"]
[Site "Internet Chess Club"]
[Date "2021.02.13"]
[Round "6"]
[White "Validus"]
[Black "Gojira"]
[Result "0-1"]
[WhiteElo "1426"]
[BlackElo "1512"]
[Opening "Queen's pawn, Mason variation"]
[ECO "D00"]
[Time "12:11:57"]
[TimeControl "2700+45"]

1. d4 d5 2. Bf4 c6 3. e3 Bf5 4. c3 e6 5. Qb3 Qb6 6. Qxb6 axb6 7. Nd2 Nf6 8. Be2
Nbd7 9. b4 b5 10. h3 Ra3 11. Nb3 b6 12. f3 Bc2 13. Bd1 Bd3 14. Kd2 Bc4 15. Nc1
c5 16. Be2 cxb4 17. Bxc4 bxc3+ 18. Kc2 bxc4 19. Nge2 b5 20. Nxc3 b4 21. Nb5 Ra5
22. Nd6+ Ke7 23. Ne2 Ne8 24. Nxe8 Kxe8 25. Rhb1 Nb6 26. Bc7 Ra6 27. a3 b3+ 28.
Kd1 Kd7 29. Bxb6 Rxb6 30. Nc3 Bd6 31. f4 Ra8 32. a4 Rba6 33. Rb2 Bb4 34. Kd2
Rxa4 35. Rxa4 Rxa4 36. g4 Ra2 37. Kc1 Bxc3 38. Rxb3 cxb3 39. e4 Ra1# {White
checkmated} 0-1

[Event "Team 45 45 League T87"]
[Site "Internet Chess Club"]
[Date "2021.02.15"]
[Round "6"]
[White "rkjulianjr"]
[Black "bardu"]
[Result "0-1"]
[WhiteElo "1346"]
[BlackElo "1354"]
[Opening "Nimzo-Indian: Reshevsky variation"]
[ECO "E46"]
[Time "20:17:39"]
[TimeControl "2700+45"]

1. d4 Nf6 2. c4 e6 3. Nc3 Bb4 4. e3 O-O 5. Ne2 d5 6. a3 Be7 7. cxd5 exd5 8. b4
Nbd7 9. Ng3 Nb6 10. Bd3 c6 11. O-O Ne8 12. Qc2 g6 13. f3 Nd6 14. e4 dxe4 15.
Ngxe4 Ndc4 16. Ne2 Be6 17. Nc5 Bf6 18. Nxe6 fxe6 19. Bxc4 Bxd4+ 20. Nxd4 Qxd4+
21. Kh1 Nxc4 22. Bh6 Ne3 23. Bxe3 Qxe3 24. Rfe1 Qd4 25. Rad1 Qf6 26. Qb3 Rad8
27. h3 Rxd1 28. Rxd1 Re8 29. Qe3 Rd8 30. Rxd8+ Qxd8 31. Qxe6+ Kh8 32. Qf6+ Qxf6
{White resigns} 0-1

[Event "Team 45 45 League T87"]
[Site "Internet Chess Club"]
[Date "2021.02.14"]
[Round "6"]
[White "arconia"]
[Black "CMAlge"]
[Result "0-1"]
[WhiteElo "1218"]
[BlackElo "1240"]
[Opening "Inverted Hungarian"]
[ECO "C44"]
[Time "13:01:50"]
[TimeControl "2700+45"]

1. e4 e5 2. Nf3 Nc6 3. Be2 Nf6 4. Nc3 d5 5. d3 Bc5 6. Bg5 Be7 7. Bxf6 Bxf6 8.
Nxd5 Be6 9. c4 O-O 10. O-O Bg4 11. Rb1 Bxf3 12. Bxf3 Nd4 13. Bg4 c6 14. Ne3 g6
15. Bh3 Be7 16. f4 exf4 17. Nc2 Bc5 18. Rxf4 Nxc2+ 19. Kh1 Nd4 20. Qd2 Qc7 21.
Rbf1 Bd6 22. Rg4 Bxh2 23. Qf2 Be5 24. Rg5 Ne6 25. Rg4 h5 26. Rh4 Bg3 27. Qf6
Bxh4 28. Qxh4 Rad8 29. g4 Nf4 30. gxh5 Nxh5 31. Rg1 Kh7 32. Bg4 Qf4 33. Qh3 Kh6
34. Rf1 Qd2 35. Bxh5 Qg5 36. Bg4+ Kg7 37. Qg3 Rh8+ 38. Kg2 Rh4 39. Rxf7+ Kh6 40.
Kf3 Rxd3+ 41. Kf2 Rxg3 {White resigns} 0-1

[Event "Team 45 45 League T87"]
[Site "Internet Chess Club"]
[Date "2021.02.14"]
[Round "6"]
[White "seldredg"]
[Black "Kidpython"]
[Result "1-0"]
[WhiteElo "1305"]
[BlackElo "1159"]
[Opening "Dutch, 2.Bg5 variation"]
[ECO "A80"]
[Time "13:00:28"]
[TimeControl "2700+45"]

1. d4 f5 2. Bg5 Nf6 3. g3 e6 4. Nf3 h6 5. Bxf6 gxf6 6. Qd2 Bd6 7. Nc3 b6 8. Nb5
Nc6 9. Nxd6+ cxd6 10. d5 Ne7 11. c4 Bb7 12. Rc1 exd5 13. Qc3 Rc8 14. Qxf6 Rf8
15. Qxh6 Rc6 16. Qh5+ Rf7 17. Ng5 Ng6 18. Nxf7 Kxf7 19. Qxf5+ Kg7 20. Bg2 Rxc4
21. Rxc4 dxc4 22. Bxb7 Qc7 23. Bd5 c3 24. b3 c2 25. Kd2 Qc5 26. Rc1 Ne7 27. Qf7+
Kh6 28. Qf4+ Kh7 29. Be4+ Kh8 30. Qf8+ Ng8 31. Rxc2 Qd4+ 32. Bd3 Qb4+ 33. Rc3
Qd4 34. Rc4 Qd5 35. Rh4+ Qh5 36. Rxh5# {Black checkmated} 1-0

[Event "Team 45 45 League T87"]
[Site "Internet Chess Club"]
[Date "2021.02.16"]
[Round "6"]
[White "McDreasor"]
[Black "Packerfan"]
[Result "1/2-1/2"]
[WhiteElo "1921"]
[BlackElo "1826"]
[Opening "Ruy Lopez: Schliemann defense, Berger variation"]
[ECO "C63"]
[Time "16:08:40"]
[TimeControl "2700+45"]

1. e4 e5 2. Nf3 Nc6 3. Bb5 f5 4. Nc3 fxe4 5. Nxe4 Nf6 6. Nxf6+ gxf6 7. d4 Bg7 8.
dxe5 O-O 9. exf6 Qxf6 10. O-O d6 11. c3 Kh8 12. Bg5 Qg6 13. Bh4 {Game drawn by
mutual agreement} 1/2-1/2

[Event "Team 45 45 League T87"]
[Site "Internet Chess Club"]
[Date "2021.02.12"]
[Round "6"]
[White "cadmiumorange"]
[Black "elmaestro"]
[Result "1/2-1/2"]
[WhiteElo "1846"]
[BlackElo "1674"]
[Opening "Dutch"]
[ECO "A80"]
[Time "12:15:31"]
[TimeControl "2700+45"]

1. d4 f5 2. Nc3 Nf6 3. Bg5 e6 4. e4 fxe4 5. Nxe4 Be7 6. Bxf6 Bxf6 7. Qh5+ g6 8.
Qh6 Qe7 9. c3 Bg7 10. Qf4 d6 11. Nf3 Qf7 12. Qg3 O-O 13. Neg5 Qf4 14. Bd3 Qxg3
15. hxg3 h6 16. Bxg6 hxg5 17. Nxg5 Rf6 18. Bh7+ Kf8 19. Bd3 Rh6 20. O-O-O Nc6
21. f4 Bd7 22. Nh7+ Kg8 23. Rxh6 Bxh6 24. Nf6+ Kf7 25. Nxd7 Rd8 26. Rh1 Bg7 27.
g4 Rxd7 28. f5 exf5 29. gxf5 Bf6 30. g4 Kg7 31. Rh5 Kf8 32. g5 Bxg5+ 33. Rxg5
Rg7 34. Rh5 Kf7 35. Rh6 Rg5 36. Rh7+ Rg7 37. Rh8 Ne7 38. Rh6 Rg5 39. Kc2 Kg7 40.
Re6 Nxf5 41. Bxf5 Rxf5 42. Re7+ Rf7 43. Rxf7+ Kxf7 {Game drawn by mutual
agreement} 1/2-1/2

[Event "Team 45 45 League T87"]
[Site "Internet Chess Club"]
[Date "2021.02.14"]
[Round "6"]
[White "Signofthetimes"]
[Black "cayo89"]
[Result "1-0"]
[WhiteElo "1600"]
[BlackElo "1500"]
[Opening "Philidor's defense"]
[ECO "C41"]
[Time "13:02:09"]
[TimeControl "2700+45"]

1. e4 d6 2. Nf3 e5 3. Bc4 Be7 4. d3 Nf6 5. Nc3 c6 6. Bg5 Nbd7 7. Qd2 b5 8. Bb3
Nc5 9. h3 a5 10. a3 Nxb3 11. cxb3 Be6 12. Qc2 h6 13. Be3 Qd7 14. Ne2 c5 15. Ng3
g5 16. Rc1 g4 17. hxg4 Nxg4 18. Ke2 f5 19. exf5 Bxf5 20. Qd2 Be6 21. Bxh6 b4 22.
Bg5 O-O-O 23. Rxh8 Rxh8 24. Bxe7 Qxe7 25. axb4 axb4 26. Qxb4 Qb7 27. Qxb7+ Kxb7
28. Ne4 Bxb3 29. Nxd6+ Kb6 30. Nc4+ Bxc4 31. Rxc4 Rg8 32. Re4 {Black resigns}
1-0

[Event "Team 45 45 League T87"]
[Site "Internet Chess Club"]
[Date "2021.02.14"]
[Round "6"]
[White "timothysmall56"]
[Black "mongmong"]
[Result "0-1"]
[WhiteElo "1645"]
[BlackElo "1463"]
[Opening "French: Winawer, advance, positional main line"]
[ECO "C19"]
[Time "20:09:21"]
[TimeControl "2700+45"]

1. e4 e6 2. d4 d5 3. Nc3 Bb4 4. e5 Ne7 5. a3 Bxc3+ 6. bxc3 c5 7. Nf3 h6 8. Bb5+
Bd7 9. Bxd7+ Nxd7 10. O-O O-O 11. Rb1 b6 12. Re1 Ng6 13. Qe2 Qe7 14. c4 dxc4 15.
Qxc4 Rfc8 16. d5 exd5 17. Qxd5 Qe6 18. c4 Ndf8 19. Qxe6 Nxe6 20. g3 Rd8 21. Be3
Rd7 22. Nd2 Nxe5 23. Kg2 Ng6 24. Ne4 Rad8 25. f4 Nd4 26. Rb2 Nc6 27. Ree2 Na5
28. Nd2 Ne7 29. Rc2 Nec6 30. Rc3 f6 31. Nf3 Kf7 32. g4 Rd3 33. Rec2 Nb3 34. Ne1
Rxc3 35. Rxc3 Nbd4 36. Rd3 Ne6 37. f5 Ned4 38. Bxd4 Nxd4 39. Nc2 Ke7 40. Ne3 Kd6
41. h4 Ke5 42. Nd5 Kd6 43. Re3 Rd7 44. Re8 b5 45. Nc3 bxc4 46. Rc8 Rc7 47. Ne4+
Kc6 48. Rxc7+ Kxc7 49. Nxc5 c3 50. Nd3 Nb3 51. Nb4 a5 52. Nd5+ Kc6 53. Nxc3 Kc5
54. Kf3 Nd4+ 55. Ke4 Nc2 56. Nb1 Kc4 57. a4 Kb4 58. Nd2 Kxa4 59. Nc4 Nb4 60.
Nxa5 Kxa5 61. Kf4 Kb5 62. g5 hxg5+ 63. hxg5 Kc5 64. Kg4 Kd5 65. Kh5 Ke5 66. Kg6
Nd5 67. gxf6 gxf6 {White resigns} 0-1

[Event "Team 45 45 League T87"]
[Site "Internet Chess Club"]
[Date "2021.02.15"]
[Round "6"]
[White "Goli"]
[Black "Ajolote"]
[Result "0-1"]
[WhiteElo "1769"]
[BlackElo "2001"]
[Opening "Sicilian: Alapin's variation (2.c3)"]
[ECO "B22"]
[Time "14:00:20"]
[TimeControl "2700+45"]

1. e4 c5 2. c3 Nf6 3. e5 Nd5 4. d4 cxd4 5. cxd4 Nc6 6. Nf3 d6 7. Bc4 Nb6 8. Bb5
Bd7 9. exd6 e6 10. O-O Bxd6 11. Nc3 O-O 12. a3 Ne7 13. Bd3 f5 14. Re1 Ned5 15.
Ng5 Qf6 16. Qh5 h6 17. Nxd5 Nxd5 18. Nf3 Be8 19. Qh4 Qxh4 20. Nxh4 Bf7 21. Nf3
Rfd8 22. Ne5 Rac8 23. g3 Bc7 24. Nf3 Bb6 25. Be3 Bh5 26. Kg2 Bxf3+ 27. Kxf3 Nf6
28. Rad1 Rc7 29. Bb5 Kf7 30. Ba4 Nd5 31. Rc1 Rdc8 32. Rxc7+ Rxc7 33. Bb3 g5 34.
Bxd5 exd5 35. h3 Rc4 36. Rd1 Rc2 37. Bc1 Ke6 38. Ke3 a5 39. Rf1 Rc4 40. Rd1 a4
41. h4 Ba7 42. hxg5 hxg5 43. f3 b5 44. b4 Bxd4+ 45. Kd3 Bf6 46. Bd2 Kd6 47. Rc1
g4 48. f4 Bb2 49. Rxc4 dxc4+ 50. Kc2 Bd4 51. Be1 Kd5 52. Kd2 Ke4 53. Ke2 c3 54.
Kd1 Kd3 55. Kc1 Ke2 {White resigns} 0-1

[Event "Team 45 45 League T87"]
[Site "Internet Chess Club"]
[Date "2021.02.11"]
[Round "6"]
[White "hipopotamos"]
[Black "ascoli"]
[Result "0-1"]
[WhiteElo "1708"]
[BlackElo "1733"]
[Opening "French: Winawer, Petrosian variation"]
[ECO "C16"]
[Time "13:30:25"]
[TimeControl "2700+45"]

1. e4 e6 2. d4 d5 3. Nc3 Bb4 4. e5 Qd7 5. Nf3 b6 6. Be2 Ba6 7. O-O Bxe2 8. Nxe2
Nc6 9. c3 Bf8 10. Qc2 g6 11. c4 Nb4 12. Qc3 dxc4 13. Qxc4 Nd5 14. Bd2 h6 15.
Rac1 a5 16. Nc3 Nge7 17. Nb5 Rc8 18. Rc2 Bg7 19. b4 axb4 20. Bxb4 Nxb4 21. Qxb4
Nd5 22. Qa3 Qxb5 23. Rfc1 Bf8 24. Qa7 Be7 25. a4 Qa5 26. Qb7 Qa8 27. Qc6+ Qxc6
28. Rxc6 Ra8 29. Ra1 Kd7 30. Rc2 Ra5 31. Nd2 Rha8 32. Rca2 Nc3 33. Rc2 Ne2+ 34.
Kf1 Nxd4 35. Rc4 c5 36. Rc3 Rxa4 37. Rb1 Ra1 38. f3 Rxb1+ 39. Nxb1 Ra1 40. Rc1
Kc6 41. Ke1 b5 42. Rd1 b4 43. Nd2 Rxd1+ 44. Kxd1 Kd5 45. f4 c4 46. Nb1 c3 47.
Kc1 Kc4 48. g4 Kd3 49. Nxc3 bxc3 50. f5 c2 51. f6 Ba3# {White checkmated} 0-1

[Event "Team 45 45 League T87"]
[Site "Internet Chess Club"]
[Date "2021.02.16"]
[Round "6"]
[White "cityprosecutor"]
[Black "Kingfisher75"]
[Result "1-0"]
[WhiteElo "1692"]
[BlackElo "1540"]
[Opening "Scotch: Göring gambit"]
[ECO "C44"]
[Time "22:00:29"]
[TimeControl "2700+45"]

1. e4 e5 2. Nf3 Nc6 3. d4 exd4 4. c3 d5 5. exd5 Qxd5 6. cxd4 Bg4 7. Be2 Nf6 8.
Nc3 Bb4 9. O-O Bxc3 10. bxc3 h6 11. c4 Qd7 12. d5 Ne7 13. Ne5 Qf5 14. Nxg4
{Black resigns} 1-0

[Event "Team 45 45 League T87"]
[Site "Internet Chess Club"]
[Date "2021.02.11"]
[Round "6"]
[White "fireball"]
[Black "scostanzo212"]
[Result "1/2-1/2"]
[WhiteElo "1473"]
[BlackElo "1570"]
[Opening "Sicilian: Smith-Morra gambit"]
[ECO "B21"]
[Time "19:03:49"]
[TimeControl "2700+45"]

1. e4 c5 2. d4 cxd4 3. c3 d5 4. exd5 Qxd5 5. Qa4+ Bd7 6. Qxd4 Qxd4 7. cxd4 Nf6
8. Nf3 e6 9. Nc3 a6 10. a4 Bb4 11. Bd2 O-O 12. Bd3 Bc6 13. Be2 Nbd7 14. O-O Nb6
15. a5 Nbd5 16. Ne5 Rac8 17. Nxc6 Rxc6 18. Rfc1 Rfc8 19. Bf3 R6c7 20. Kf1 h6 21.
Ke2 g5 22. h3 Kg7 23. g3 Kg6 24. Ra4 Bd6 25. Kd3 Nb4+ 26. Ke2 Nfd5 27. Raa1 Rc4
28. Nxd5 Nxd5 29. Rxc4 Rxc4 30. Kd3 Rc7 31. Ra4 f5 32. Rc4 b5 33. Rxc7 Bxc7 34.
Bxd5 exd5 35. b4 Kh5 36. Ke2 f4 37. Kf3 fxg3 38. fxg3 Bd8 39. Be1 Bf6 40. Bc3
Kg6 41. Kg4 h5+ 42. Kf3 Kf5 43. g4+ Kg6 44. Ke3 hxg4 45. hxg4 Be7 46. Kf3 {Game
drawn by mutual agreement} 1/2-1/2